 Dungeon Crawl Stone Soup version 0.30-a0-591-g3c58d2bc28 (webtiles) character file.

Game seed: 8538389604458824390

57 Leeroy the Insei (level 4, -1/32 HPs)
             Began as a Merfolk Transmuter on Jan 5, 2023.
             Slain by a centaur (3 damage)
             ... on level 3 of the Dungeon.
             The game lasted 00:02:38 (1787 turns).

Leeroy the Insei (Merfolk Transmuter)               Turns: 1787, Time: 00:02:38

Health: -1/32      AC:  3    Str: 10    XL:     4   Next: 0%
Magic:  7/7        EV: 12    Int: 14    God:
Gold:   110        SH:  0    Dex: 14    Spells: 3/7 levels left

rFire   . . .      SeeInvis .    h - +1 demon whip (venom)
rCold   . . .      Faith    .    (no shield)
rNeg    . . .      Spirit   .    a - +0 robe
rPois   .          Reflect  .    (no helmet)
rElec   .          Harm     .    (no cloak)
rCorr   .          Rampage  .    o - +0 pair of gloves
Will    .....                    (no boots)
Stlth   +                        (no amulet)
HPRegen 0.25/turn                (no ring)
MPRegen 0.10/turn                (no ring)

@: no status effects
A: (nimble swimmer 2), mertail
a: no special abilities


You were on level 3 of the Dungeon.
You visited 1 branch of the dungeon, and saw 4 of its levels.

You collected 110 gold pieces.

Inventory:

Hand Weapons
 h - a +1 demon whip of venom (weapon)
 p - a +2 short sword of venom
Missiles
 d - 15 poisoned darts
Armour
 a - a +0 robe (worn)
 o - a +0 pair of gloves (worn)
Magical Staves
 m - a staff of cold
Jewellery
 n - a +5 ring of evasion
Scrolls
 c - 2 scrolls of fear {unknown}
 e - a scroll of enchant weapon {unknown}
 f - a scroll of identify {unknown}
 g - 2 scrolls of butterflies {unknown}
 i - 2 scrolls of immolation {unknown}
 r - a scroll of amnesia {unknown}
 t - 2 scrolls of poison {unknown}
 u - a scroll of fog {unknown}
Potions
 b - a potion of lignification
 j - 2 potions of heal wounds {unknown}
 k - a potion of mutation {unknown}
 l - 2 potions of flight {unknown}
 q - a potion of cancellation {unknown}
 s - a potion of might {unknown}


   Skills:
 - Level 1.1 Fighting
 - Level 2.6 Dodging
 - Level 5.2 Unarmed Combat
 - Level 2.0 Spellcasting
 + Level 2.7 Transmutations


You had 3 spell levels left.
You knew the following spells:

 Your Spells              Type           Power      Damage    Failure   Level
a - Beastly Appendage     Tmut           18%        N/A       8%          1
b - Spider Form           Tmut/Pois      5%         N/A       38%         3

Your spell library contained the following spells:

 Spells                   Type           Power      Damage    Failure   Level
 Wereblood                Tmut           9%         N/A       12%         2
 Apportation              Tloc           2%         N/A       24%         1
 Necrotise                Necr           4%         1d4       24%         1
 Summon Small Mammal      Summ           4%         N/A       24%         1
 Ice Form                 Ice/Tmut       5%         N/A       80%         4
 Leda's Liquefaction      Hex/Erth       0%         N/A       93%         4
 Summon Ice Beast         Ice/Summ       1%         N/A       93%         4
 Alistair's Intoxication  Tmut/Pois      3%         N/A       98%         5
 Borgnjor's Vile Clutch   Necr/Erth      0%         N/A       100%        5
 Lee's Rapid Deconstruct  Erth           0%         3d4*      100%        5
 Summon Mana Viper        Hex/Summ       1%         N/A       100%        5
 Eringya's Noxious Bog    Tmut/Pois      2%         N/A       100%        6
 Statue Form              Tmut/Erth      3%         N/A       100%        6
 Monstrous Menagerie      Summ           0%         N/A       100%        7


Dungeon Overview and Level Annotations

Branches:
Dungeon (4/15)
 Temple: D:4-7

Altars:

Shops:
D:2 (   D:4 *


Innate Abilities, Weirdness & Mutations

((You are very nimble when in or above water. (Stealth+, EV+, Speed+++)))
Your lower body shifts to a powerful aquatic tail in water.


Message History

You hit the frilled lizard.
You kill the frilled lizard!
You have reached level 4!
You see here a frilled lizard corpse.
u - a scroll labelled AFINWACODO
There is a fountain of clear blue water here.
Key pressed, stopping explore.
There is an open door here.
t - 2 scrolls labelled ZEOSMA FUESH (gained 1)
Found a flail.
You now have 110 gold pieces (gained 6).
Found a short sword.
Found a helmet.
No target in view!
No target in view!
You see here a +0 helmet.
You open the door.
There is an open door here.
A goblin and a centaur come into view.
The centaur shouts!
The centaur wields a +0 shortbow.
The centaur shoots an arrow.
The arrow hits you!
The centaur shoots an arrow.
The arrow hits you!
You are too injured to fight recklessly!
The goblin shouts!
The centaur shoots an arrow.
The arrow hits you.
* * * LOW HITPOINT WARNING * * *
The centaur unwields a +0 shortbow.
The centaur misses you. The centaur closely misses you.
The centaur barely misses you.
The centaur kicks you but does no damage.
You hit the centaur.
The centaur is poisoned.
The centaur is lightly wounded.
The centaur hits you but does no damage.
The centaur kicks you.
* * * LOW HITPOINT WARNING * * *
You hit the centaur.
The centaur looks as sick as possible!
The centaur is heavily wounded.
The centaur hits you.
* * * LOW HITPOINT WARNING * * *
The centaur kicks you.
You die...

#.........##.#.#.#.###.....
#####.#....................
#.#....................
#.#........###.........
###.######.#########..###
#........................
#.#.######......####.####
#...######......# #. #
#####.gc@.......# #
......####.....# # .....
###### # .... # ... # ## #


You could see a centaur (extremely poisoned) and a goblin.

Vanquished Creatures
  An adder (D:2)
  2 ufetubi (D:4)
  A worm (D:3)
  A dart slug (D:1)
  An orc (D:4)
  2 endoplasms
  2 giant cockroaches (D:2)
  A goblin (D:1)
  2 hobgoblins
  3 quokkas (D:1)
  3 ball pythons
  3 bats
  3 frilled lizards
  4 kobolds (D:2)
  3 rats (D:2)
32 creatures vanquished.

Notes
Turn   | Place    | Note
-------+----------+-------------------------------------------
     0 | D:1      | Leeroy the Merfolk Transmuter began the quest for the Orb.
     0 | D:1      | Reached XP level 1. HP: 15/15 MP: 3/3
   598 | D:1      | Reached skill level 4 in Unarmed Combat
   598 | D:1      | Reached XP level 2. HP: 21/21 MP: 5/5
   993 | D:2      | Found Madduc's Antique Weapon Shop.
  1256 | D:2      | Reached XP level 3. HP: 26/26 MP: 6/6
  1407 | D:2      | You fall into a shaft and drop 2 floors!
  1408 | D:4      | Found Omnoz's Assorted Antiques.
  1466 | D:4      | Reached skill level 5 in Unarmed Combat
  1622 | D:3      | Learned a level 3 spell: Spider Form
  1668 | D:3      | Reached XP level 4. HP: 32/32 MP: 7/7
  1783 | D:3      | Noticed a centaur
  1787 | D:3      | Slain by a centaur

Illustrated notes

Levels and vault maps discovered:
D:1:      dpeg_arrival_pits, layout_basic, minmay_misc_feat_ornament
D:2:      layout_loops_ring, serial_shops, shop_fountains
D:3:      layout_basic, nicolae_overflow_hidden_temple, nrook_campfire,
          hangedman_decor_push, corexii_hall_statues_u,
          chequers_serial_rivers_room_b
D:4:      layout_cave_pools, serial_shops, shop

Skill      XL: |  1  2  3 |
---------------+----------+-----
Unarmed Combat | 4 5 |  5.2
Fighting       | |  1.1
Dodging        | |  2.6
Spellcasting   | |  2.0
Transmutations | |  2.7

Action                   |  1- 3 |  4- 6 || total
-------------------------+-------+-------++-------
Melee: Demon whip        |    74 |     2 ||    76
       Unarmed           |     6 |       ||     6
       Punch             |     1 |       ||     1
 Stab: Sleeping          |     2 |       ||     2
Armor: Robe              |    17 |     2 ||    19
Dodge: Dodged            |    68 |     3 ||    71

Table legend: (Time is in decaauts)
 A = Elapsed time spent in this place.
 B = Non-inter-level travel time spent in this place.
 C = Inter-level travel time spent in this place.
 D = Time resting spent in this place.
 E = Time spent auto-exploring this place.
 F = Levels seen in this place.
 G = Mean time per level.
                   A        B        C        D        E       F      G
               +--------+--------+--------+--------+--------+-----+--------+
         Total |   1790 |   1655 |    135 |      0 |   1385 |   4 |  447.5 |
       Dungeon |   1790 |   1655 |    135 |      0 |   1385 |   4 |  447.5 |
               +--------+--------+--------+--------+--------+-----+--------+

Top non-repeatable levels by time:
     D:1: 858 daAuts
     D:2: 549 daAuts
     D:3: 312 daAuts
     D:4: 70 daAuts
